 Dungeon Sprint DCSS version 0.17-a0-2127-g1cb09f6 (webtiles) character file.

11914 AMagicalLamp the Phalangite (level 11, 0/103 HPs)
             Began as a Merfolk Gladiator on Oct 23, 2015.
             Was the Champion of Ru.
             Slain by an emperor scorpion (11 damage)
             ... in the Dungeon (Sprint VII: "The Pits").
             The game lasted 00:15:23 (2700 turns).

AMagicalLamp the Phalangite (Merfolk Gladiator)     Turns: 2700, Time: 00:15:23

Health: 0/103      AC:  6    Str: 15    XL:     11   Next: 85%
Magic:  13/13      EV: 29    Int: 11    God:    Ru [******]
Gold:   47         SH:  0    Dex: 21    Spells: 0 memorised, 10 levels left

rFire  . . .     SeeInvis .     x - +2 halberd (venom)
rCold  . . .     Clarity  .     t - +2 leather armour {MR+}
rNeg   . . .     SustAt   .     (no shield)
rPois  .         Gourm    .     (helmet restricted)
rElec  .         Spirit   .     (no cloak)
rCorr  .         Warding  .     (no gloves)
rMut   .         NoTele   +     (no boots)
MR     ++...                    (no amulet)
Stlth  ..........               w - +3 ring of intelligence
                                v - +3 ring of dexterity

@: no scrolls, very resistant to hostile enchantments, extremely unstealthy
A: change form in water, swift swim, horns 1, icy blue scales 1, magic
resistance 1, wild magic 1, evolution 1, inability to read while threatened, no
stealth, inability to train armour, no charms magic, no fire magic, no hexes
magic, unskilled 1, missing an eye
a: Draw Out Power, Power Leap, Apocalypse, Renounce Religion


You were in the Dungeon.
You worshipped Ru.
Ru was exalted by your worship.
You were hungry.

You visited 1 branch You collected 47 gold pieces.


Innate Abilities, Weirdness & Mutations

You revert to your normal form in water.
You are very nimble and swift while swimming.
You cannot read scrolls while threatened.
You cannot be stealthy.
You cannot train Armour skill.
You cannot study or cast Charms magic.
You cannot study or cast Fire magic.
You cannot study or cast Hexes magic.
You are somewhat unskilled (-1 Apt).
You are missing an eye, making it more difficult to aim.
You have a pair of small horns on your head.
You are partially covered in icy blue scales (AC +1).
You are resistant to hostile enchantments.
Your spells are a little harder to cast, but a little more powerful.
You evolve.


   Skills:
 + Level 15.4 Fighting
 + Level 21.5 Polearms
 - Level 1.7 Throwing
 + Level 18.1 Dodging
 + Level 3.7 Evocations


You had 10 spell levels left.
You didn't know any spells.

Inventory:

Hand Weapons
 x - a +2 halberd of venom (weapon)
Missiles
 d - 3 throwing nets (quivered) {=f}
Armour
 a - a +0 cloak
 b - a +0 leather armour
 k - a troll hide
 t - a +2 leather armour of magic resistance (worn)
 u - a +2 robe of the Archmagi
Jewellery
 v - a +3 ring of dexterity (left hand)
 w - a +3 ring of intelligence (right hand)
Wands
 y - a wand of digging (13)
Scrolls
 c - 7 scrolls of enchant armour
 p - 2 scrolls of vulnerability {!r}
 q - 3 scrolls of remove curse
 r - 5 scrolls of amnesia
 z - 3 scrolls of recharging
 B - 4 scrolls of enchant weapon
 D - a scroll of fog
Potions
 f - 9 potions of curing {@q1}
 g - 12 potions of heal wounds {@q2}
 h - 2 potions of haste {@q3}
 i - 4 potions of magic
 j - 3 potions of berserk rage {!q}
 l - 2 potions of brilliance
 o - 2 potions of invisibility
 s - 3 potions of resistance
 A - a potion of cure mutation
 C - a potion of agility
Miscellaneous
 E - a disc of storms
 F - a box of beasts
Comestibles
 e - 8 bread rations
 m - 7 meat rations
 n - 40 fruits

Dungeon Overview and Level Annotations

Branches:
Dungeon (1/1)

Altars:
Ashenzari
Cheibriados
Dithmenos
Elyvilon
Fedhas
Kikubaaqudgha
Makhleb
Nemelex Xobeh
Okawaru
Ru
Sif Muna
Trog
Vehumet
Xom
Yredelemnul
Zin
The Shining One
Beogh
Jiyva
Lugonu

▒......... ▒..)...... ▒..▒
▒..▒ ▒..▒ ▒▒▒▒▒▒▒ ▒..▒ ..▒▒..▒
▒W.▒ ..▒▒..▒ ▒s.▒ ..'†..▒ ▒m.▒
..'†..▒▒▒▒▒▒▒▒▒▒.)▒
..▒▒...........)..▒
..▒▒..............▒
▒▒▒▒▒▒▒▒▒▒▒▒▒▒▒▒▒▒▒ ▒▒▒▒
▒▒▒▒▒▒▒▒ ▒▒▒▒▒▒▒▒▒▒▒▒▒▒▒▒
...▒▒▒..'...▒ ▒...........'..▒
..÷▒▒..▒▒...▒▒▒...........▒..▒
▒%▒▒..▒▒▒...).▒▒.........▒▒..▒


You could see an emperor scorpion and a wraith.


Message History

The emperor scorpion is moderately wounded.
The emperor scorpion stings you! The emperor scorpion barely misses you.
The emperor scorpion completely misses you.
You hit the emperor scorpion but do no damage.
The emperor scorpion is moderately wounded.
The emperor scorpion completely misses you. x3
You hit the emperor scorpion but do no damage.
The emperor scorpion is moderately wounded.
You completely miss the emperor scorpion.
You headbutt the emperor scorpion, but do no damage.
The emperor scorpion is moderately wounded.
The emperor scorpion completely misses you.
The emperor scorpion claws you.
* * * LOW HITPOINT WARNING * * *
The emperor scorpion claws you!
* * * LOW HITPOINT WARNING * * *
The wraith completely misses you.
The wraith is no longer blind.
Ru believes you are ready to make a new sacrifice.
Use which ability?
Ru asks you to sacrifice your ability to read while threatened.
This is a major sacrifice.
Do you really want to make this sacrifice?
You can no longer read scrolls while threatened.
Ru indicates that your awakening is complete.
The emperor scorpion stings you!!
You feel threatened and lose the ability to read scrolls!
* * * LOW HITPOINT WARNING * * *
The emperor scorpion claws you!
You die...

Action                   |  1- 3 |  4- 6 |  7- 9 | 10-12 || total
-------------------------+-------+-------+-------+-------++-------
Melee: Trident           |    36 |    68 |    78 |       ||   182
       Halberd           |       |       |    30 |   222 ||   252
Invok: Sacrifice Arcana  |       |     1 |       |       ||     1
       Sacrifice Skill   |       |       |     1 |       ||     1
       Sacrifice Durabil |       |       |     1 |       ||     1
       Sacrifice Stealth |       |       |       |     1 ||     1
       Power Leap        |       |       |       |     3 ||     3
       Sacrifice Words   |       |       |       |     1 ||     1
       Sacrifice an Eye  |       |       |       |     1 ||     1
  Use: Potion            |     1 |       |     5 |     2 ||     8
       Scroll            |       |       |     1 |     1 ||     2
 Stab: Sleeping          |     1 |       |       |       ||     1
       Invisible         |       |       |       |     3 ||     3
       Paralysed         |       |       |       |     1 ||     1
  Eat: Chunk             |       |       |     3 |    10 ||    13

Vault maps used:
D:        pitsprint

Notes
Turn   | Place    | Note
--------------------------------------------------------------
     0 | D        | AMagicalLamp the Merfolk Gladiator began the quest for the Orb.
     0 | D        | Reached XP level 1. HP: 16/16 MP: 1/1
    37 | D        | Reached skill level 5 in Polearms
   131 | D        | Found a sacrificial altar of Ru.
   131 | D        | Found a basalt altar of Yredelemnul.
   131 | D        | Found a shadowy altar of Dithmenos.
   131 | D        | Found a deep blue altar of Sif Muna.
   131 | D        | Found a burning altar of Makhleb.
   131 | D        | Found a shimmering altar of Xom.
   131 | D        | Found an ancient bone altar of Kikubaaqudgha.
   131 | D        | Found a sparkling altar of Nemelex Xobeh.
   132 | D        | Found a glowing golden altar of the Shining One.
   132 | D        | Found a bloodstained altar of Trog.
   132 | D        | Found a shattered altar of Ashenzari.
   132 | D        | Found a white marble altar of Elyvilon.
   132 | D        | Found a snail-covered altar of Cheibriados.
   132 | D        | Found a blossoming altar of Fedhas.
   132 | D        | Found a radiant altar of Vehumet.
   132 | D        | Found a glowing silver altar of Zin.
   132 | D        | Found a corrupted altar of Lugonu.
   132 | D        | Found a viscous altar of Jiyva.
   132 | D        | Found a roughly hewn altar of Beogh.
   132 | D        | Found an iron altar of Okawaru.
   134 | D        | Became a worshipper of Ru the Awakened
   146 | D        | Reached skill level 6 in Polearms
   151 | D        | Reached skill level 7 in Polearms
   151 | D        | Reached XP level 2. HP: 17/22 MP: 2/2
   158 | D        | Reached skill level 8 in Polearms
   333 | D        | Noticed a centaur
   336 | D        | Reached skill level 9 in Polearms
   338 | D        | HP: 2/22 [centaur (8)]
   341 | D        | Killed a centaur
   341 | D        | Reached skill level 12 in Polearms
   341 | D        | Reached XP level 3. HP: 22/27 MP: 3/3
   341 | D        | Reached XP level 4. HP: 26/33 MP: 4/4
   400 | D        | Gained mutation: You cannot study or cast Fire magic. [Ru sacrifice]
   400 | D        | Gained mutation: You cannot study or cast Hexes magic. [Ru sacrifice]
   400 | D        | Gained mutation: You cannot study or cast Charms magic. [Ru sacrifice]
   400 | D        | Reached * piety under Ru
   450 | D        | Noticed a wight
   450 | D        | Noticed an orc priest
   466 | D        | Killed a wight
   466 | D        | Reached skill level 3 in Fighting
   466 | D        | Reached skill level 13 in Polearms
   466 | D        | Reached skill level 5 in Dodging
   466 | D        | Reached XP level 5. HP: 38/41 MP: 5/5
   475 | D        | Noticed an orc priest
   478 | D        | Killed an orc priest
   478 | D        | Reached skill level 4 in Fighting
   478 | D        | Reached skill level 6 in Dodging
   480 | D        | Killed an orc priest
   480 | D        | Reached skill level 5 in Fighting
   486 | D        | Noticed an orc priest
   488 | D        | Killed an orc priest
   488 | D        | Reached skill level 14 in Polearms
   488 | D        | Reached skill level 7 in Dodging
   488 | D        | Reached XP level 6. HP: 46/51 MP: 6/6
   522 | D        | Noticed Purgy
   523 | D        | Noticed a wight
   536 | D        | Killed Purgy
   536 | D        | Reached skill level 6 in Fighting
   536 | D        | Reached skill level 8 in Dodging
   541 | D        | Killed a wight
   541 | D        | Reached skill level 7 in Fighting
   541 | D        | Reached skill level 15 in Polearms
   541 | D        | Reached skill level 9 in Dodging
   550 | D        | Noticed a wight
   550 | D        | Noticed a wight
   557 | D        | Noticed a gnoll sergeant
   558 | D        | Killed a wight
   563 | D        | Noticed a wight
   567 | D        | Killed a wight
   567 | D        | Reached XP level 7. HP: 45/61 MP: 7/7
   582 | D        | Killed a gnoll sergeant
   582 | D        | Reached skill level 8 in Fighting
   582 | D        | Reached skill level 10 in Dodging
   597 | D        | Killed a wight
   707 | D        | Gained mutation: You are somewhat unskilled (-1 Apt). [Ru sacrifice]
   707 | D        | Reduced skill Fighting to level 7
   707 | D        | Reduced skill Polearms to level 14
   707 | D        | Reduced skill Throwing to level 1
   707 | D        | Reduced skill Dodging to level 9
   707 | D        | Reached ** piety under Ru
   749 | D        | Noticed a deep troll
   768 | D        | Killed a deep troll
   768 | D        | Reached skill level 9 in Fighting
   768 | D        | Reached skill level 15 in Polearms
   768 | D        | Reached skill level 11 in Dodging
   768 | D        | Reached XP level 8. HP: 71/71 MP: 8/8
   870 | D        | Noticed a necrophage
   870 | D        | Noticed a sea snake
   877 | D        | Noticed a phantom
   877 | D        | Noticed an iron imp
   877 | D        | Noticed a crimson imp
   879 | D        | Killed a crimson imp
   885 | D        | Killed a phantom
   885 | D        | Reached skill level 16 in Polearms
   898 | D        | Killed an iron imp
   906 | D        | Noticed Erolcha
   916 | D        | Killed a sea snake
   916 | D        | Reached skill level 10 in Fighting
   916 | D        | Reached skill level 12 in Dodging
   916 | D        | Reached XP level 9. HP: 74/79 MP: 9/9
   922 | D        | Killed Erolcha
   922 | D        | Reached skill level 11 in Fighting
   922 | D        | Reached skill level 17 in Polearms
   922 | D        | Reached skill level 13 in Dodging
   928 | D        | Killed a necrophage
   943 | D        | Identified a +2 robe of the Archmagi (You took it off Erolcha in the Dungeon)
  1275 | D        | Noticed a killer bee
  1275 | D        | Noticed a killer bee
  1276 | D        | Noticed a brain worm
  1279 | D        | Killed a killer bee
  1282 | D        | Killed a killer bee
  1289 | D        | Killed a brain worm
  1298 | D        | Noticed a killer bee
  1301 | D        | Killed a killer bee
  1307 | D        | Noticed a greater naga
  1307 | D        | Noticed a hippogriff
  1309 | D        | Gained mutation: You cannot train Armour skill. [Ru sacrifice]
  1309 | D        | Reached *** piety under Ru
  1309 | D        | Reached **** piety under Ru
  1314 | D        | Killed a hippogriff
  1314 | D        | Reached skill level 18 in Polearms
  1314 | D        | Reached skill level 14 in Dodging
  1318 | D        | Noticed a hound
  1319 | D        | Killed a hound
  1360 | D        | Killed a greater naga
  1360 | D        | Reached skill level 12 in Fighting
  1360 | D        | Reached skill level 15 in Dodging
  1360 | D        | Reached XP level 10. HP: 42/91 MP: 10/10
  1366 | D        | Noticed a wasp
  1367 | D        | Noticed an orc warrior
  1367 | D        | Noticed Maurice
  1370 | D        | Noticed a phantasmal warrior
  1370 | D        | Killed a wasp
  1376 | D        | Killed Maurice
  1376 | D        | Reached skill level 19 in Polearms
  1376 | D        | Killed a phantasmal warrior
  1376 | D        | Reached skill level 13 in Fighting
  1382 | D        | Killed an orc warrior
  1383 | D        | Noticed a hill giant
  1391 | D        | Killed a hill giant
  1584 | D        | Noticed a centaur
  1588 | D        | Killed a centaur
  1605 | D        | Noticed a hill giant
  1605 | D        | Noticed a hell rat
  1609 | D        | Killed a hell rat
  1615 | D        | Killed a hill giant
  1622 | D        | Noticed a kobold demonologist
  1622 | D        | Noticed a deep elf fighter
  1630 | D        | Killed a deep elf fighter
  1639 | D        | Killed a kobold demonologist
  1639 | D        | Reached skill level 16 in Dodging
  1649 | D        | Noticed a wyvern
  1649 | D        | Noticed a polar bear
  1658 | D        | Killed a wyvern
  1666 | D        | Killed a polar bear
  1672 | D        | Gained mutation: You cannot be stealthy. [Ru sacrifice]
  1765 | D        | Noticed a spiny frog
  1766 | D        | Noticed a hill giant
  1772 | D        | Killed a spiny frog
  1772 | D        | Reached skill level 20 in Polearms
  1772 | D        | Reached XP level 11. HP: 99/99 MP: 11/11
  1773 | D        | Noticed a water elemental
  1777 | D        | Killed a water elemental
  1777 | D        | Reached skill level 14 in Fighting
  1784 | D        | Killed a hill giant
  1848 | D        | Noticed a fire bat
  1848 | D        | Noticed a sky beast
  1848 | D        | Noticed a necrophage
  1848 | D        | Noticed a death yak
  1850 | D        | Killed a fire bat
  1855 | D        | Killed a sky beast
  1856 | D        | Killed a necrophage
  1857 | D        | Noticed a merfolk avatar
  1862 | D        | Noticed a hound
  1862 | D        | Noticed Eustachio
  1864 | D        | Noticed a polar bear
  1864 | D        | Noticed a wraith
  1865 | D        | Noticed a gargoyle
  1876 | D        | Killed a merfolk avatar
  1876 | D        | Reached skill level 17 in Dodging
  1882 | D        | Killed a death yak
  1889 | D        | Killed a wraith
  1897 | D        | Killed a gargoyle
  1905 | D        | Killed a polar bear
  1905 | D        | Reached skill level 21 in Polearms
  1912 | D        | Gained mutation: You are missing an eye, making it more difficult to aim. [Ru sacrifice]
  1912 | D        | Reached ***** piety under Ru
  1919 | D        | Killed Eustachio
  1921 | D        | Killed a hound
  1940 | D        | Gained mutation: You have a pair of small horns on your head. [mutagenic meat]
  1941 | D        | Gained mutation: You have sharp fingernails. [mutagenic meat]
  2270 | D        | Noticed a swamp drake
  2276 | D        | Killed a swamp drake
  2276 | D        | Reached skill level 15 in Fighting
  2306 | D        | Noticed a sky beast
  2308 | D        | Noticed a vampire mosquito
  2310 | D        | Noticed a vampire mosquito
  2311 | D        | Noticed a vampire mosquito
  2312 | D        | Noticed a vampire mosquito
  2312 | D        | Killed a vampire mosquito
  2317 | D        | Killed a vampire mosquito
  2317 | D        | Reached skill level 1 in Evocations
  2320 | D        | Killed a sky beast
  2325 | D        | Killed a vampire mosquito
  2335 | D        | Killed a vampire mosquito
  2339 | D        | Gained mutation: You are resistant to hostile enchantments. [mutagenic meat]
  2340 | D        | Gained mutation: You are partially covered in icy blue scales (AC +1). [mutagenic meat]
  2341 | D        | Gained mutation: You evolve. [mutagenic meat]
  2342 | D        | Lost mutation: You have sharp fingernails. [mutagenic meat]
  2355 | D        | Noticed a spriggan rider
  2355 | D        | Noticed a gargoyle
  2356 | D        | Noticed a necrophage
  2364 | D        | Killed a gargoyle
  2364 | D        | Reached skill level 2 in Evocations
  2368 | D        | Killed a necrophage
  2378 | D        | Killed a wasp
  2378 | D        | Killed a spriggan
  2391 | D        | Gained mutation: Your spells are a little harder to cast, but a little more powerful. [evolution]
  2659 | D        | Noticed a wraith
  2660 | D        | Noticed Josephine
  2670 | D        | Noticed a wraith
  2670 | D        | Noticed a wraith
  2675 | D        | Noticed an emperor scorpion
  2677 | D        | Killed Josephine
  2677 | D        | Reached skill level 18 in Dodging
  2677 | D        | Reached skill level 3 in Evocations
  2681 | D        | Killed a wraith
  2683 | D        | Killed a wraith
  2700 | D        | Gained mutation: You cannot read scrolls while threatened. [Ru sacrifice]
  2700 | D        | Reached ****** piety under Ru
  2700 | D        | Slain by an emperor scorpion

Vanquished Creatures
  A greater naga (D)
  Josephine (D)
  Erolcha (D)
  A merfolk avatar (D)
  A death yak (D)
  A deep troll (D)
  2 hill giants (D)
  A sea snake (D)
  Maurice (D)
  A kobold demonologist (D)
  2 gargoyles (D)
  A spiny frog (D)
  2 polar bears (D)
  3 wraiths (D)
  A spriggan (D)
  A water elemental (D)
  Eustachio (D)
  A hippogriff (D)
  A fire bat (D)
  A wyvern (D)
  4 vampire mosquitoes (D)
  A deep elf fighter (D)
  Purgy (D)
  A swamp drake (D)
  2 wasps (D)
  2 sky beasts (D)
  A phantom (D)
  3 necrophages (D)
  2 centaurs (D)
  A brain worm (D)
  A gnoll sergeant (D)
  3 killer bees (D)
  5 wights (D)
  A crimson imp (D)
  2 hounds (D)
  An iron imp (D)
  3 orc priests (D)
  A hell rat (D)
  5 gnolls (D)
  An adder (D)
  A giant eyeball (D)
  An ufetubus (D)
  2 giant geckos (D)
  7 orcs (D)
  A giant cockroach (D)
  4 jackals (D)
  A kobold (D)
  A quokka (D)
  A giant newt (D)
  2 rats (D)
87 creatures vanquished.

Vanquished Creatures (collateral kills)
  A phantasmal warrior (D)
  A hill giant (D)
  An orc warrior (D)
  A mummy (D)
  2 orcs (D)
6 creatures vanquished.

Grand Total: 93 creatures vanquished
